 Dungeon Crawl Stone Soup version 0.31-a0-204-g7da18cac08 (webtiles) character file.

Game seed: 65997376177622893

114 qw the Skirmisher (level 4, -2/23 (25) HPs)
             Began as a Deep Elf Hunter on June 27, 2023.
             Slain by a wight
             ... wielding a +4 falchion
              (3 damage)
             ... on level 3 of the Dungeon.
             The game lasted 00:00:41 (2096 turns).

qw the Skirmisher (Deep Elf Hunter)                 Turns: 2096, Time: 00:00:42

HP:   -2/23 (25)    AC:  7    Str: 10    XL:     4   Next: 66%
MP:   6/6           EV: 11    Int: 14    God:
Gold: 118           SH:  0    Dex: 24    Spells: 3/3 levels left

rFire   . . .        Y - +0 shortbow (freeze)
rCold   . . .        (shield currently unavailable)
rNeg    . . .        p - +0 swamp dragon scales
rPois   +            (no helmet)
rElec   .            (no cloak)
rCorr   .            (no gloves)
SInv    .            (no boots)
Will    .....        l - amulet of faith
Stlth   ++           h - +6 ring of dexterity
HPRegen 0.23/turn    (no ring)
MPRegen 0.10/turn

%: faith
@: drained
A: no striking features
a: no special abilities


You were on level 3 of the Dungeon.
You visited 1 branch of the dungeon, and saw 3 of its levels.

You collected 118 gold pieces.


   Skills:
 - Level 1.5 Fighting
 - Level 8.0 Ranged Weapons
 + Level 2.7 Dodging
 - Level 1.2 Stealth


You had 3 spell levels left.
You didn't know any spells.
Your spell library was empty.

Inventory:

Hand Weapons
 Y - a +0 shortbow of freezing (weapon)
Armour
 p - +0 swamp dragon scales (worn)
Jewellery
 h - a +6 ring of dexterity (left hand)
 l - an amulet of faith (around neck)
Scrolls
 c - a scroll of blinking {unknown}
 o - a scroll of identify
Potions
 a - a potion of haste {unknown}
 b - a potion of magic {unknown}
 d - a potion of might {unknown}
 e - a potion of brilliance {unknown}
 f - a potion of curing {unknown}
 g - a potion of invisibility {unknown}
 i - 2 potions of attraction {unknown}
 k - 2 potions of berserk rage {unknown}
 m - a potion of mutation {unknown}
 n - a potion of heal wounds {unknown}
 r - a potion of lignification {unknown}

Dungeon Overview and Level Annotations

Branches:
Dungeon (3/15)

Altars:
Elyvilon
Qazlal
Xom
Yredelemnul


Message History

Enter note:
Enter note:
Enter note:
Enter note:
Enter note:
Enter note:
Enter note:
Enter note:
Enter note: You shoot an arrow.
The arrow hits the wight.
The wight is moderately damaged.
A wight comes into view. It is wielding a +3 battleaxe.
You shoot an arrow. The arrow barely misses the wight.
You shoot an arrow.
The arrow hits the wight but does no damage.
The wight is moderately damaged.
You shoot an arrow.
The arrow hits the wight but does no damage.
The wight is moderately damaged.
You shoot an arrow. The arrow barely misses the wight.
You shoot an arrow. The arrow hits the wight.
The wight is heavily damaged.
You shoot an arrow. The arrow closely misses the wight.
The arrow hits the wight!
The wight is heavily damaged.
The wight hits you with a +4 falchion.
You feel drained. The wight misses you.
You shoot an arrow. The arrow hits the wight.
The wight is severely damaged.
The wight hits you with a +4 falchion!
You shoot an arrow. The arrow hits the wight.
The wight is almost destroyed.
The wight hits you with a +4 falchion.
You shoot an arrow. The arrow closely misses the wight.
The arrow completely misses the wight.
The wight hits you with a +4 falchion.
You shoot an arrow.
The arrow hits the wight but does no damage.
The wight is almost destroyed.
The wight hits you with a +4 falchion!
You feel drained.
You die...

...'.# #..# # ...###
#####..#### ...#
#......)... ...#
#.######### ...#
#.#......# #### #
###.#.####.# ...
#.....#..#.#
.....#######.....#..#.#
.....zz@............#.#
.....#######.....#..#.#
... #.....#.##.# #
###'#.#..#.# #.#.##.#.#
#.#.##.#.# #.#.##.#.##
#.#....#... #.#########


You could see 2 wights.

Vanquished Creatures
  A hound (D:2)
  3 adders (D:2)
  A worm (D:2)
  2 dart slugs (D:1)
  6 endoplasms
  6 hobgoblins
  4 quokkas
  6 ball pythons
  4 bats (D:1)
  3 frilled lizards
  6 goblins
  3 kobolds
  8 rats
53 creatures vanquished.

Notes
Turn   | Place    | Note
-------+----------+-------------------------------------------
     0 | D:1      | qw the Deep Elf Hunter began the quest for the Orb.
     0 | D:1      | Reached XP level 1. HP: 12/12 MP: 3/3
     0 | D:1      | 0 ||| qw: Version: 0.3-a-22-g0ed2b0b
     0 | D:1      | 0 ||| qw: Game counter: 6445
     0 | D:1      | 0 ||| qw: Melee chars always use a shield: true
     0 | D:1      | 0 ||| qw: God list: Okawaru
     0 | D:1      | 0 ||| qw: Allow faded altars: false
     0 | D:1      | 0 ||| qw: Do Orc after clearing Dungeon:15 true
     0 | D:1      | 0 ||| qw: Do second Lair branch before Depths: true
     0 | D:1      | 0 ||| qw: Lair rune preference: random
     0 | D:1      | 0 ||| qw: Goals: Normal
     0 | D:1      | 0 ||| PLANNING D:1-11
   116 | D:1      | Reached XP level 2. HP: 16/16 MP: 4/4
   150 | D:1      | Reached skill level 6 in Ranged Weapons
   193 | D:1      | 193 ||| DROPPING +5 sling.
   488 | D:1      | 488 ||| READING scroll labelled SAGHAA QUMO.
   489 | D:1      | 489 ||| READING scroll labelled OGASUSA JEAS.
   490 | D:1      | 490 ||| READING scroll labelled FEASOKHLUROCK.
   494 | D:1      | 494 ||| DROPPING scroll of butterflies.
   559 | D:2      | Found a faded altar of an unknown god.
   611 | D:2      | HP: 4/16 [hound (2)]
   614 | D:2      | Reached skill level 7 in Ranged Weapons
   614 | D:2      | Reached XP level 3. HP: 6/20 MP: 5/5
   792 | D:2      | Reached XP level 4. HP: 22/25 MP: 6/6
   878 | D:2      | Found a stormy altar of Qazlal.
  1293 | D:2      | 1293 ||| UPGRADING to +0 ring mail.
  1303 | D:2      | 1303 ||| DROPPING +0 leather armour.
  1304 | D:2      | 1304 ||| UPGRADING to +0 swamp dragon scales.
  1314 | D:2      | 1314 ||| DROPPING +0 ring mail.
  1315 | D:2      | 1315 ||| UPGRADING to amulet of faith.
  1320 | D:2      | 1320 ||| UPGRADING to +6 ring of dexterity.
  1321 | D:2      | 1321 ||| DROPPING ring of flight.
  1322 | D:2      | 1322 ||| READING scroll labelled VUIXZA MIUT.
  1323 | D:2      | 1323 ||| READING 2 scrolls labelled WIJOVA ADOSEO.
  1420 | D:3      | Reached skill level 8 in Ranged Weapons
  1519 | D:3      | Found a shimmering altar of Xom.
  1519 | D:3      | Found a faded altar of an unknown god.
  1527 | D:3      | Found a basalt altar of Yredelemnul.
  1529 | D:3      | Found a faded altar of an unknown god.
  1531 | D:3      | Found a white marble altar of Elyvilon.
  2096 | D:3      | HP: 1/24 [wight/+4 falchion (9)]
  2096 | D:3      | Slain by a wight

Levels and vault maps discovered:
D:1:      matt_arrival_debris, layout_rooms
D:2:      layout_loops_ring, shapermc_ecumenical_altar_pompeii, basic_altar,
          nrook_mini_vaults, eino_tiny_chamber, minmay_tripent
D:3:      layout_basic, chequers_temple_overflow_minitemple

Skill      XL: |  1  2  3  4 |
---------------+-------------+-----
Ranged Weapons | 7 8 |  8.0
Fighting       | |  1.5
Dodging        | |  2.7
Stealth        | |  1.2

Action                     |  1- 3 |  4- 6 || total
---------------------------+-------+-------++-------
   Fire: Shortbow          |    74 |    56 ||   130
    Use: Scroll            |     3 |     2 ||     5
 Armour: Leather armour    |     8 |     2 ||    10
         Swamp dragon scal |       |     1 ||     1
  Dodge: Dodged            |    18 |     4 ||    22

Table legend:
 A = Non-vault XP
 B = Vault XP
 C = Vault XP percentage of total XP
 D = Non-vault monster count
 E = Vault monster count
 F = Vault count percentage of total count
                 A         B        C        D         E       F
            +---------+---------+-------+---------+---------+-------
      Total |     161 |       2 |   1.2 |      51 |       2 |   3.8
            +---------+---------+-------+---------+---------+-------
        D:1 |      36 |       0 |   0.0 |      21 |       0 |   0.0
        D:2 |     103 |       2 |   1.9 |      16 |       2 |  11.1
        D:3 |      22 |       0 |   0.0 |      14 |       0 |   0.0
            +---------+---------+-------+---------+---------+-------
